SAA
GLENDALE HERONS @ HELENA GRIZZLIES
06/20/2021
 
TOP OF THE 1ST
Glendale Herons batting - Pitching for Helena Grizzlies : RHP Teddy Jones
Pitching: RHP Teddy Jones
Batting: RHB José Villegas 0-0: Foul Ball, location: 2F
0-1: Foul Ball, location: 2F
0-2: Ball
1-2: Ball
2-2: SINGLE (Line Drive, 4M)
Batting: LHB José Rodríguez 0-0: Called Strike
0-1: Foul Ball, location: 2F
0-2: Ball
1-2: Ball
2-2: Grounds into double play, 5-4-3 (Groundball, 5)
Batting: RHB Ángel Ruezga 0-0: Ball
1-0: Ball
2-0: Ball
3-0: Base on Balls
Batting: RHB Héctor Moreno 0-0: Ball
1-0: Foul Ball, location: 2F
1-1: Called Strike
1-2: Strikes out looking
Top of the 1st over - 0 run(s), 1 hit(s), 0 error(s), 1 left on base; Glendale 0 - Helena 0
BOTTOM OF THE 1ST
Helena Grizzlies batting - Pitching for Glendale Herons : RHP Alex Simmons
Pitching: RHP Alex Simmons
Batting: RHB Curt Pope 0-0: Called Strike
0-1: Ball
1-1: Ball
2-1: Ball
3-1: Base on Balls
Batting: RHB David Ramírez 0-0: Called Strike
0-1: Ball
1-1: Ball
2-1: Foul Ball, location: 2F
2-2: Ball
3-2: Foul Ball, location: 2F
3-2: Foul Ball, location: 2F
3-2: Ground out 5-3 (Groundball, 5S)
Curt Pope to second
Batting: RHB Jorge Díaz 0-0: SINGLE (Flyball, 9LM)
Curt Pope to third
Runner from 3rd tries for Home, throw and OUT!
Jorge Díaz to second
Batting: LHB Rufo Flores 0-0: Called Strike
0-1: Ground out 4-3 (Groundball, 4)
Bottom of the 1st over - 0 run(s), 1 hit(s), 0 error(s), 1 left on base; Glendale 0 - Helena 0
TOP OF THE 2ND
Glendale Herons batting - Pitching for Helena Grizzlies : RHP Teddy Jones
Batting: RHB Ángel López 0-0: Ball
1-0: SINGLE (Groundball, 56)
Batting: RHB José Mata 0-0: Foul Ball, location: 2F
0-1: Called Strike
0-2: Ball
1-2: Ball
2-2: Strikes out swinging
Batting: LHB Travis Alexander 0-0: Grounds into double play, 1-6-3 (Groundball, 13S)
Top of the 2nd over - 0 run(s), 1 hit(s), 0 error(s), 0 left on base; Glendale 0 - Helena 0
BOTTOM OF THE 2ND
Helena Grizzlies batting - Pitching for Glendale Herons : RHP Alex Simmons
Batting: RHB Joe Chase 0-0: Ball
1-0: Called Strike
1-1: Ball
2-1: Ball
3-1: Swinging Strike
3-2: Foul Ball, location: 2F
3-2: Ground out 6-3 (Groundball, 6)
Batting: RHB Octávio Zúñiga 0-0: Ball
1-0: Fly out, F3 (Popup, 9LM)
Batting: LHB Iván Flores 0-0: Ball
1-0: Foul Ball, location: 2F
1-1: Foul Ball, location: 2F
1-2: Strikes out swinging
Bottom of the 2nd over - 0 run(s), 0 hit(s), 0 error(s), 0 left on base; Glendale 0 - Helena 0
TOP OF THE 3RD
Glendale Herons batting - Pitching for Helena Grizzlies : RHP Teddy Jones
Batting: RHB John Gilliam 0-0: Fly out, F9 (Flyball, 89M)
Batting: LHB Pedro Rodríguez 0-0: Foul Ball, location: 2F
0-1: Foul Ball, location: 2F
0-2: Strikes out looking
Batting: RHB José Villegas 0-0: Called Strike
0-1: Ball
1-1: Foul Ball, location: 2F
1-2: Ball
2-2: Foul Ball, location: 2F
2-2: Ball
3-2: Fly out, F7 (Popup, 78S)
Top of the 3rd over - 0 run(s), 0 hit(s), 0 error(s), 0 left on base; Glendale 0 - Helena 0
BOTTOM OF THE 3RD
Helena Grizzlies batting - Pitching for Glendale Herons : RHP Alex Simmons
Batting: SHB Bruce Hunt 0-0: Ball
1-0: Ground out 4-3 (Groundball, 4)
Batting: RHB Matt Williams 0-0: Fly out, F8 (Flyball, 8RM)
Batting: RHB Curt Pope 0-0: Ball
1-0: Foul Ball, location: 2F
1-1: Fly out, F8 (Flyball, 78S)
Bottom of the 3rd over - 0 run(s), 0 hit(s), 0 error(s), 0 left on base; Glendale 0 - Helena 0
TOP OF THE 4TH
Glendale Herons batting - Pitching for Helena Grizzlies : RHP Teddy Jones
Batting: LHB José Rodríguez 0-0: Called Strike
0-1: Ball
1-1: SINGLE (Flyball, 8LS)
Batting: RHB Ángel Ruezga 0-0: Called Strike
0-1: Ball
1-1: DOUBLE (Flyball, 9LS)
José Rodríguez to third
Batting: RHB Héctor Moreno 0-0: Ball
1-0: Foul Ball, location: 2F
1-1: Swinging Strike
1-2: Foul Ball, location: 2F
1-2: Strikes out looking
Batting: RHB Ángel López 0-0: Called Strike
0-1: Reached on Error, E6 (Popup, 7S)
José Rodríguez scores
Ángel Ruezga to third
Batting: RHB José Mata 0-0: Foul Ball, location: 2F
0-1: Foul Ball, location: 2F
0-2: Ball
1-2: Strikes out looking
Batting: LHB Travis Alexander 0-0: Ball
1-0: Ball
2-0: Foul Ball, location: 2F
2-1: Ball
3-1: Swinging Strike
3-2: Strikes out swinging
Top of the 4th over - 1 run(s), 2 hit(s), 1 error(s), 2 left on base; Glendale 1 - Helena 0
BOTTOM OF THE 4TH
Helena Grizzlies batting - Pitching for Glendale Herons : RHP Alex Simmons
Batting: RHB David Ramírez 0-0: Called Strike
0-1: Ball
1-1: Foul Ball, location: 2F
1-2: Ball
2-2: SINGLE (Flyball, 8LS)
Batting: RHB Jorge Díaz 0-0: Called Strike
0-1: Ball
1-1: Fly out, F8 (Flyball, 78M)
Batting: LHB Rufo Flores 0-0: Called Strike
0-1: Hit by Pitch
David Ramírez to second
Pinch Runner at 1st Juan Hernández:
Batting: RHB Joe Chase 0-0: Swinging Strike
0-1: Ball
1-1: Ball
2-1: SINGLE (Groundball, 56D)
David Ramírez to third
Juan Hernández to second
Runner from 3rd tries for Home, SAFE, throw made home
Batting: RHB Octávio Zúñiga 0-0: Ball
1-0: Foul Ball, location: 2F
1-1: Called Strike
1-2: Strikes out looking
Batting: LHB Iván Flores 0-0: Foul Ball, location: 2F
0-1: Ball
1-1: Foul Ball, location: 2F
1-2: Ball
2-2: Ground out 5-3 (Groundball, 56S)
Bottom of the 4th over - 1 run(s), 2 hit(s), 0 error(s), 2 left on base; Glendale 1 - Helena 1
TOP OF THE 5TH
Glendale Herons batting - Pitching for Helena Grizzlies : RHP Teddy Jones
Batting: RHB John Gilliam 0-0: DOUBLE (Flyball, 89M)
Batting: LHB Pedro Rodríguez 0-0: Ball
1-0: Ground out 3-1 (Groundball, 3L)
John Gilliam to third
Batting: RHB José Villegas 0-0: Foul Ball, location: 2F
0-1: Ball
1-1: Foul Ball, location: 2F
1-2: Foul Ball, location: 2F
1-2: Ball
2-2: Fly out, F9 (Flyball, 9LM)
Runner from 3rd tags up, SCORES, throw made
Batting: LHB José Rodríguez 0-0: Called Strike
0-1: Swinging Strike
0-2: Strikes out looking
Top of the 5th over - 1 run(s), 1 hit(s), 0 error(s), 0 left on base; Glendale 2 - Helena 1
BOTTOM OF THE 5TH
Helena Grizzlies batting - Pitching for Glendale Herons : RHP Alex Simmons
Batting: SHB Bruce Hunt 0-0: Ball
1-0: Foul Ball, location: 2F
1-1: Ground out 4-3 (Groundball, 4)
Batting: RHB Matt Williams 0-0: Ground out 4-3 (Groundball, 4MS)
Batting: RHB Curt Pope 0-0: Ball
1-0: Called Strike
1-1: Fly out, F9 (Flyball, 9M)
Bottom of the 5th over - 0 run(s), 0 hit(s), 0 error(s), 0 left on base; Glendale 2 - Helena 1
TOP OF THE 6TH
Glendale Herons batting - Pitching for Helena Grizzlies : RHP Teddy Jones
Batting: RHB Ángel Ruezga 0-0: Called Strike
0-1: Foul Ball, location: 2F
0-2: Strikes out swinging
Batting: RHB Héctor Moreno 0-0: Ball
1-0: Ball
2-0: Foul Ball, location: 2F
2-1: Called Strike
2-2: Hit by Pitch
Batting: RHB Ángel López 0-0: Ball
1-0: Ball
2-0: Ball
3-0: Base on Balls
Héctor Moreno to second
Batting: RHB José Mata 0-0: Swinging Strike
0-1: Ball
1-1: Swinging Strike
1-2: Strikes out looking
Batting: LHB Travis Alexander 0-0: Fly out, F7 (Flyball, 78M)
Top of the 6th over - 0 run(s), 0 hit(s), 0 error(s), 2 left on base; Glendale 2 - Helena 1
BOTTOM OF THE 6TH
Helena Grizzlies batting - Pitching for Glendale Herons : RHP Alex Simmons
Batting: RHB David Ramírez 0-0: SINGLE (Groundball, 56)
Batting: RHB Jorge Díaz 0-0: Ball
1-0: SINGLE (Groundball, 25) (infield hit)
David Ramírez to second
Batting: LHB Juan Hernández 0-0: Swinging Strike
0-1: Ground out U3 (Groundball, 3S)
David Ramírez to third
Jorge Díaz to second
Batting: RHB Joe Chase 0-0: Called Strike
0-1: Fly out, F7 (Flyball, 7LM)
Runner from 3rd tags up, SCORES, no throw
Batting: RHB Octávio Zúñiga 0-0: Called Strike
0-1: Foul Ball, location: 2F
0-2: Fly out, F7 (Flyball, 78M)
Bottom of the 6th over - 1 run(s), 2 hit(s), 0 error(s), 1 left on base; Glendale 2 - Helena 2
TOP OF THE 7TH
Glendale Herons batting - Pitching for Helena Grizzlies : RHP Teddy Jones
Pinch Hitting: RHB Jim Unknown 0-0: Swinging Strike
0-1: Foul Ball, location: 2F
0-2: Strikes out swinging
Batting: LHB Pedro Rodríguez 0-0: Ground out 4-3 (Groundball, 4)
Batting: RHB José Villegas 0-0: Foul Ball, location: 2F
0-1: Foul Ball, location: 2F
0-2: Foul Ball, location: 2F
0-2: Foul Ball, location: 2F
0-2: Foul Ball, location: 2F
0-2: Ball
1-2: Ball
2-2: Foul Ball, location: 2F
2-2: Ball
3-2: SINGLE (Groundball, 34D)
Pitching: LHP Alonso García
Pinch Hitting: RHB Jim Unknown 0-0: Foul Ball, location: 2F
0-1: SINGLE (Line Drive, 89S)
José Villegas to second
Batting: RHB Ángel Ruezga 0-0: Foul Ball, location: 2F
0-1: SINGLE (Groundball, 5L)
José Villegas to third
Jim Unknown to second
Runner from 3rd tries for Home, SAFE, no throw or cutoff
Batting: RHB Héctor Moreno 0-0: Called Strike
0-1: Foul Ball, location: 2F
0-2: Strikes out looking
Top of the 7th over - 1 run(s), 3 hit(s), 0 error(s), 2 left on base; Glendale 3 - Helena 2
BOTTOM OF THE 7TH
Helena Grizzlies batting - Pitching for Glendale Herons : RHP Alex Simmons
Now at 1B: Jim Unknown
Now at 3B: Dave Davis
Batting: LHB Iván Flores 0-0: Ball
1-0: Foul Ball, location: 2F
1-1: SINGLE (Line Drive, 34D)
Pinch Hitting: SHB Eric O'Neill 0-0: Sac Bunt - play at first, batter OUT! 2-4
Iván Flores to second
Pitching: RHP Ron Yarbrough
Pinch Hitting: RHB Hank Kenney 0-0: Ball
1-0: Ball
2-0: Called Strike
2-1: Foul Ball, location: 2F
2-2: Ball
3-2: Strikes out swinging
Batting: RHB Curt Pope 0-0: Ball
1-0: Ball
2-0: Ball
3-0: Base on Balls
Batting: RHB David Ramírez 0-0: Ball
1-0: Called Strike
1-1: Foul Ball, location: 2F
1-2: Strikes out looking
Bottom of the 7th over - 0 run(s), 1 hit(s), 0 error(s), 2 left on base; Glendale 3 - Helena 2
TOP OF THE 8TH
Glendale Herons batting - Pitching for Helena Grizzlies : LHP Alonso García
Now at 2B: Jim Unknown
Now at SS: Dustin O'Quinlevan
Batting: RHB Ángel López 0-0: Called Strike
0-1: Ball
1-1: Foul Ball, location: 2F
1-2: Foul Ball, location: 2F
1-2: Fly out, F5 (Popup, 5S)
Batting: RHB José Mata 0-0: Called Strike
0-1: Ball
1-1: Foul Ball, location: 2F
1-2: Ball
2-2: Ball
3-2: Base on Balls
Batting: LHB Travis Alexander 0-0: Called Strike
0-1: Ball
1-1: Ball
2-1: Swinging Strike
2-2: Strikes out swinging
Batting: RHB Jim Unknown 0-0: Called Strike
0-1: Swinging Strike
0-2: Strikes out looking
Top of the 8th over - 0 run(s), 0 hit(s), 0 error(s), 1 left on base; Glendale 3 - Helena 2
BOTTOM OF THE 8TH
Helena Grizzlies batting - Pitching for Glendale Herons : RHP Ron Yarbrough
Pitching: RHP Luis Oliva
Batting: RHB Jorge Díaz 0-0: Called Strike
0-1: Ball
1-1: Ball
2-1: Swinging Strike
2-2: SINGLE (Line Drive, 8LM)
Pitching: LHP Jesús Tejeda
Batting: LHB Juan Hernández 0-0: Ball
1-0: Ball
2-0: Swinging Strike
2-1: Swinging Strike
2-2: SINGLE (Line Drive, 9LM)
Jorge Díaz to second
Runner from 2nd tries for 3rd, SAFE, throw made to third
Batting: RHB Joe Chase 0-0: Called Strike
0-1: Ball
1-1: Called Strike
1-2: Ball
2-2: Ball
3-2: Base on Balls
Juan Hernández to second
Batting: RHB Octávio Zúñiga 0-0: Swinging Strike
0-1: Swinging Strike
0-2: Ball
1-2: Ball
2-2: Foul Ball, location: 2F
2-2: Foul Ball, location: 2F
2-2: Foul Ball, location: 2F
2-2: Strikes out swinging
Batting: LHB Iván Flores 0-0: Foul Ball, location: 2F
0-1: Ball
1-1: Called Strike
1-2: Foul Ball, location: 2F
1-2: Ball
2-2: Ball
3-2: Strikes out looking
Batting: SHB Jim Unknown 0-0: Ball
1-0: Ball
2-0: Called Strike
2-1: Called Strike
2-2: Strikes out swinging
Bottom of the 8th over - 0 run(s), 2 hit(s), 0 error(s), 3 left on base; Glendale 3 - Helena 2
TOP OF THE 9TH
Glendale Herons batting - Pitching for Helena Grizzlies : LHP Alonso García
Batting: LHB Pedro Rodríguez 0-0: Ball
1-0: Called Strike
1-1: Foul Ball, location: 2F
1-2: Ball
2-2: Foul Ball, location: 2F
2-2: Ground out 3-1 (Groundball, 34)
Batting: RHB José Villegas 0-0: Called Strike
0-1: Ball
1-1: SINGLE (Groundball, 6MD)
Pinch Hitting: RHB Jim Unknown 0-0: SINGLE (Line Drive, 8LS)
José Villegas to second
Batting: RHB Ángel Ruezga 0-0: Called Strike
0-1: Fly out, F6 (Line Drive, 6M)
Batting: RHB Héctor Moreno 0-0: Ball
1-0: Fly out, F8 (Flyball, 8LD)
Top of the 9th over - 0 run(s), 2 hit(s), 0 error(s), 2 left on base; Glendale 3 - Helena 2
BOTTOM OF THE 9TH
Helena Grizzlies batting - Pitching for Glendale Herons : LHP Jesús Tejeda
Pitching: RHP Rafael Flores
Now at 3B: Jim McCormick
Batting: RHB Dustin O'Quinlevan 0-0: Ball
1-0: Fly out, F9 (Flyball, 9LM)
Batting: RHB Curt Pope 0-0: Called Strike
0-1: Ball
1-1: DOUBLE (Flyball, 89S)
Batting: RHB David Ramírez 0-0: Ball
1-0: Called Strike
1-1: Foul Ball, location: 2F
1-2: SINGLE (Line Drive, 89M)
Curt Pope to third
Runner from 3rd tries for Home, SAFE, no throw or cutoff
Batting: RHB Jorge Díaz 0-0: Ball
1-0: Called Strike
1-1: Fly out, F1 (Popup, 23)
Batting: LHB Juan Hernández 0-0: Ball
1-0: Called Strike
1-1: SINGLE (Line Drive, 8LS)
David Ramírez to second
Batting: RHB Joe Chase 0-0: Ball
1-0: Ball
2-0: Fly out, F9 (Flyball, 89M)
Bottom of the 9th over - 1 run(s), 3 hit(s), 0 error(s), 2 left on base; Glendale 3 - Helena 3
TOP OF THE 10TH
Glendale Herons batting - Pitching for Helena Grizzlies : LHP Alonso García
Pitching: RHP Clancy McKinney
Batting: RHB Ángel López 0-0: Foul Ball, location: 2F
0-1: Foul Ball, location: 2F
0-2: Ball
1-2: Fly out, F9 (Popup, 9LSF)
Batting: RHB José Mata 0-0: Called Strike
0-1: Ball
1-1: Ball
2-1: Called Strike
2-2: Strikes out swinging
Batting: LHB Travis Alexander 0-0: Called Strike
0-1: Foul Ball, location: 2F
0-2: Foul Ball, location: 2F
0-2: Ball
1-2: Strikes out swinging
Top of the 10th over - 0 run(s), 0 hit(s), 0 error(s), 0 left on base; Glendale 3 - Helena 3
BOTTOM OF THE 10TH
Helena Grizzlies batting - Pitching for Glendale Herons : RHP Rafael Flores
Batting: RHB Octávio Zúñiga 0-0: Called Strike
0-1: Ball
1-1: Called Strike
1-2: Ball
2-2: Ball
3-2: Ground out 4-3 (Groundball, 4)
Batting: LHB Iván Flores 0-0: Called Strike
0-1: Foul Ball, location: 2F
0-2: SINGLE (Line Drive, 34)
Batting: SHB Jim Unknown 0-0: Called Strike
0-1: Ball
1-1: Fly out, F7 (Flyball, 78M)
Batting: RHB Dustin O'Quinlevan 0-0: Ball
1-0: Fly out, F3 (Popup, 3SF)
Bottom of the 10th over - 0 run(s), 1 hit(s), 0 error(s), 1 left on base; Glendale 3 - Helena 3
TOP OF THE 11TH
Glendale Herons batting - Pitching for Helena Grizzlies : RHP Clancy McKinney
Batting: RHB Jim Unknown 0-0: Foul Ball, location: 2F
0-1: Swinging Strike
0-2: Foul Ball, location: 2F
0-2: Ball
1-2: Strikes out swinging
Batting: LHB Pedro Rodríguez 0-0: Called Strike
0-1: Ball
1-1: Called Strike
1-2: Ball
2-2: Foul Ball, location: 2F
2-2: SINGLE (Groundball, 6MD)
Batting: RHB José Villegas 0-0: Ball
1-0: Ball
2-0: Swinging Strike
2-1: Swinging Strike
2-2: Foul Ball, location: 2F
2-2: Strikes out swinging
Batting: SHB Jim McCormick 0-0: Ball
1-0: Foul Ball, location: 2F
1-1: Ball
2-1: Foul Ball, location: 2F
2-2: Foul Ball, location: 2F
2-2: Ball
3-2: Foul Ball, location: 2F
3-2: Fly out, F8 (Line Drive, 8RM)
Top of the 11th over - 0 run(s), 1 hit(s), 0 error(s), 1 left on base; Glendale 3 - Helena 3
BOTTOM OF THE 11TH
Helena Grizzlies batting - Pitching for Glendale Herons : RHP Rafael Flores
Batting: RHB Curt Pope 0-0: Ground out 5-3 (Groundball, 5)
Batting: RHB David Ramírez 0-0: Called Strike
0-1: Called Strike
0-2: Ball
1-2: Fly out, F9 (Flyball, 89M)
Batting: RHB Jorge Díaz 0-0: Ball
1-0: Ball
2-0: Called Strike
2-1: Ball
3-1: Base on Balls
Batting: LHB Juan Hernández 0-0: SINGLE (Flyball, 6D)
Jorge Díaz to second
Batting: RHB Joe Chase 0-0: Ball
1-0: Ball
2-0: Foul Ball, location: 2F
2-1: Fly out, F9 (Flyball, 9LMF)
Bottom of the 11th over - 0 run(s), 1 hit(s), 0 error(s), 2 left on base; Glendale 3 - Helena 3
TOP OF THE 12TH
Glendale Herons batting - Pitching for Helena Grizzlies : RHP Clancy McKinney
Batting: RHB Ángel Ruezga 0-0: Ball
1-0: Foul Ball, location: 2F
1-1: Called Strike
1-2: Ball
2-2: Foul Ball, location: 2F
2-2: Ball
3-2: Base on Balls
Batting: RHB Héctor Moreno 0-0: Called Strike
0-1: Hit by Pitch
Ángel Ruezga to second
Batting: RHB Ángel López 0-0: Ball
1-0: Ball
2-0: Called Strike
2-1: Foul Ball, location: 2F
2-2: Strikes out swinging
Batting: RHB José Mata 0-0: Ball
1-0: Fly out, F8 (Flyball, 8RM)
Batting: LHB Travis Alexander 0-0: Called Strike
0-1: SINGLE (Line Drive, 9LS)
Ángel Ruezga to third
Héctor Moreno to second
Runner from 3rd tries for Home, SAFE, no throw or cutoff
Pitching: RHP Woody Pratt
Batting: RHB Jim Unknown 0-0: Foul Ball, location: 2F
0-1: Ball
1-1: Ground out 6-3 (Groundball, 6)
Top of the 12th over - 1 run(s), 1 hit(s), 0 error(s), 2 left on base; Glendale 4 - Helena 3
BOTTOM OF THE 12TH
Helena Grizzlies batting - Pitching for Glendale Herons : RHP Rafael Flores
Batting: RHB Octávio Zúñiga 0-0: Foul Ball, location: 2F
0-1: Ball
1-1: Ball
2-1: Ball
3-1: SINGLE (Groundball, 6MD)
Batting: LHB Iván Flores 0-0: Bunted foul
0-1: Sac Bunt - play at second, runner OUT! 1-6
Batting: SHB Jim Unknown 0-0: Ground out 4-3 (Groundball, 4M)
Iván Flores to second
Batting: RHB Dustin O'Quinlevan 0-0: Ball
1-0: Called Strike
1-1: Ball
2-1: Foul Ball, location: 2F
2-2: Ball
3-2: Base on Balls
Batting: RHB Curt Pope 0-0: Ball
1-0: Ball
2-0: Ball
3-0: Base on Balls
Iván Flores to third
Dustin O'Quinlevan to second
Pitching: LHP Salvador Medina
Batting: RHB David Ramírez 0-0: Ball
1-0: Ball
2-0: Ball
3-0: Called Strike
3-1: Foul Ball, location: 2F
3-2: Base on Balls
Iván Flores scores
Dustin O'Quinlevan to third
Curt Pope to second
Batting: RHB Jorge Díaz 0-0: Called Strike
0-1: Ball
1-1: Called Strike
1-2: Ball
2-2: Strikes out looking
Bottom of the 12th over - 1 run(s), 1 hit(s), 0 error(s), 3 left on base; Glendale 4 - Helena 4
TOP OF THE 13TH
Glendale Herons batting - Pitching for Helena Grizzlies : RHP Woody Pratt
Batting: LHB Pedro Rodríguez 0-0: SINGLE (Line Drive, 7LS)
Batting: RHB José Villegas 0-0: Sac Bunt - play at first, batter OUT! 3-4
Pedro Rodríguez to second
Batting: SHB Jim McCormick 0-0: Ball
1-0: Swinging Strike
1-1: Swinging Strike
1-2: Ball
2-2: Strikes out swinging
Batting: RHB Ángel Ruezga 0-0: Ball
1-0: SINGLE (Line Drive, 4D)
Pedro Rodríguez to third
Runner from 3rd tries for Home, SAFE, throw made home
Batting: RHB Héctor Moreno 0-0: Foul Ball, location: 2F
0-1: Ball
1-1: Ground out 1-3 (Groundball, 23)
Top of the 13th over - 1 run(s), 2 hit(s), 0 error(s), 1 left on base; Glendale 5 - Helena 4
BOTTOM OF THE 13TH
Helena Grizzlies batting - Pitching for Glendale Herons : LHP Salvador Medina
Batting: LHB Juan Hernández 0-0: Ball
1-0: Called Strike
1-1: SINGLE (Line Drive, 5D)
Batting: RHB Joe Chase 0-0: Ball
1-0: Called Strike
1-1: Fly out, F8 (Flyball, 8LM)
Batting: RHB Octávio Zúñiga 0-0: Ball
1-0: Ball
2-0: Grounds into double play, 6-4-3 (Groundball, 6)
Bottom of the 13th over - 0 run(s), 1 hit(s), 0 error(s), 0 left on base; Glendale 5 - Helena 4
This league is powered by Out of the Park Baseball, the baseball management simulation game for PC, Mac and Linux
Friday, January 22nd, 2016 - OOTP Baseball 16.9 Build 39